 Dungeon Crawl Stone Soup version 0.28.0 (webtiles) character file.

Game seed: 5446310735999487797

42 Akaron the Sneak (level 3, -1/25 HPs)
             Began as an Octopode Brigand on Feb 16, 2022.
             Slain by Sigmund (9 damage)
             ... on level 2 of the Dungeon.
             The game lasted 00:02:07 (1850 turns).

Akaron the Sneak (Octopode Brigand)                 Turns: 1850, Time: 00:02:07

Health: -1/25      AC:  1    Str: 10    XL:     3   Next: 54%
Magic:  3/3        EV: 12    Int: 13    God:
Gold:   68         SH:  0    Dex: 15    Spells: 2/2 levels left

rFire   . . .      SeeInvis .   k - +2 dagger (freeze)
rCold   . . .      Faith    .   (no shield)
rNeg    . . .      Spirit   .   (helmet restricted)
rPois   .          Reflect  .   (no amulet)
rElec   .          Harm     .   (no ring)
rCorr   .          Rampage  .   (no ring)
Will    .....                   (no ring)
Stlth   ++........              (no ring)
HPRegen 0.08/turn               (no ring)
MPRegen 0.08/turn               (no ring)
                                (no ring)
                                (no ring)

@: confused
A: almost no armour, amphibious, 8 rings, camouflage 1, gelatinous body 1,
(nimble swimmer 1), tentacles
a: no special abilities


You were on level 2 of the Dungeon.
You visited 1 branch of the dungeon, and saw 2 of its levels.

You collected 68 gold pieces.

Inventory:

Hand Weapons
 a - a +2 dagger
 k - a +2 dagger of freezing (weapon)
Missiles
 b - 8 poisoned darts (quivered)
 c - 2 curare-tipped darts
Scrolls
 e - a scroll of identify {unknown}
 g - 3 scrolls of enchant weapon {unknown}
 l - a scroll of fog {unknown}
 m - a scroll of blinking {unknown}
 n - a scroll of immolation {unknown}
 o - a scroll of holy word {unknown}
Potions
 d - a potion of curing {unknown}
 f - a potion of ambrosia {unknown}
 h - a potion of haste {unknown}
 i - a potion of heal wounds {unknown}
 j - a potion of resistance {unknown}


   Skills:
 + Level 2.4 Fighting
 + Level 2.2 Short Blades
 + Level 2.2 Throwing
 + Level 1.0 Dodging
 + Level 6.2 Stealth
 * Level 0.4 Ice Magic


You had 2 spell levels left.
You didn't know any spells.
Your spell library contained the following spells:

 Spells                   Type           Power      Damage    Failure   Level
 Ozocubu's Armour         Ice            1%         N/A       61%         3
 Ozocubu's Refrigeration  Ice            0%         4d5       100%        7


Dungeon Overview and Level Annotations

Branches:
Dungeon (2/15)

Altars:

Annotations:
D:2 Sigmund


Innate Abilities, Weirdness & Mutations

You cannot wear most types of armour.
You are amphibious.
You can wear up to eight rings at the same time.
Your skin changes colour to match your surroundings (Stealth+).
Your rubbery body absorbs attacks. (AC +1, EV +1)
((You are camouflaged when in or above water. (Stealth+)))
You have tentacles for arms and can constrict up to eight enemies at once.


Message History

Okay, then.
You see here a quokka corpse.
Found a stone staircase leading down.
A kobold and a ball python come into view.
The kobold shouts!
A bat comes into view.
There are monsters nearby!
You miss the bat. You grab the bat. You constrict the bat.
The bat barely misses you.
The bat escapes!
The bat hits you but does no damage.
Sigmund the Dreaded comes into view.
He is wielding a +0 scythe.
Sigmund shouts!
You hit the bat. You freeze the bat.
You kill the bat!
The ball python bites you. The ball python closely misses you.
You hit the ball python. You freeze the ball python.
You kill the ball python!
You closely miss the kobold. Your grab misses the kobold.
Your squeeze misses the kobold.
Sigmund mumbles some strange words.
Sigmund flickers and vanishes!
Deactivating autopickup; reactivate with Ctrl-A.
The kobold hits you with a +0 dagger.
You hit the kobold. You freeze the kobold.
You kill the kobold!
You are confused.
You bump into the rock wall.
You bump into the rock wall.
You bump into the rock wall.
You're too confused to move!
You feel less confused.
You hear some strange, mumbled words.
You are confused.
Something hits you.
You're too confused to move!
Something hits you but does no damage.
You bump into the rock wall.
Something hits you!
Ouch! That really hurt!
You bump into the rock wall.
Something hits you!
You die...

.# #. #... .# #... ###..# #
.#.. ...####....#.# # .#.###
#.....#.#.##.##.# .#.#.######
#.###.#.......... .#.#......##
#.#..............
.#.#.####.##.#.#{#.#.#.)#..###
.#.#.##...##.#.#.#...#........
.#.#....#.#...†.@.............
.'......#.##.#.#.#.#.####>....
.#.#....#.##.#.#.#.#.# .#...
.#.######.##.#.#...#.# #..#
.#.# #.##.#.#...#.# ..
##.######.##.#.#....
.........##.#.#...#.
..............#...#.#
.#######.##.[........


There were no monsters in sight!

Vanquished Creatures
  A worm (D:2)
  A dart slug (D:1)
  5 ball pythons
  An endoplasm (D:1)
  4 giant cockroaches
  4 goblins
  4 jackals (D:1)
  5 kobolds
  2 quokkas
  3 bats
  2 rats
32 creatures vanquished.

Notes
Turn   | Place    | Note
-------+----------+-------------------------------------------
     0 | D:1      | Akaron the Octopode Brigand began the quest for the Orb.
     0 | D:1      | Reached XP level 1. HP: 14/14 MP: 1/1
   266 | D:1      | Reached XP level 2. HP: 19/19 MP: 2/2
   338 | D:1      | Reached skill level 6 in Stealth
   891 | D:1      | Found a faded altar of an unknown god.
   894 | D:1      | Reached XP level 3. HP: 23/24 MP: 3/3
  1828 | D:2      | Noticed Sigmund
  1850 | D:2      | Slain by Sigmund

Illustrated notes

Levels and vault maps discovered:
D:1:      roderic_chinese_lattice_arrival, layout_basic,
          shapermc_ecumenical_altar_mp_urbaneastern,
          ebering_dispersal_statue_hall, kennysheep_doodads,
          lemuel_another_geyser
D:2:      layout_basic, kennysheep_generic_room_9, uniq_sigmund

Skill      XL: |  1  2 |
---------------+-------+-----
Stealth        | 6 |  6.2
Fighting       | |  2.4
Short Blades   | |  2.2
Throwing       | |  2.2
Dodging        | |  1.0
Ice Magic      | |  0.4

Action                   || total
-------------------------++-------
Melee: Dagger            ||    48
       Constrict         ||    10
       Tentacles         ||     5
 Stab: Sleeping          ||    16
Armor: Skin              ||     5
Dodge: Dodged            ||    10
